 Dungeon Crawl Stone Soup version 0.31-a0-965-g8a8ce12e04 (webtiles) character file.

Game seed: 4379441020574672009

37 Forgeling the Ruffian (level 3, 23/23 HPs)
             Began as an Octopode Shapeshifter on Oct 27, 2023.
             Was a Follower of the Shining One.
             Quit the game on level 1 of the Dungeon.
             The game lasted 00:01:20 (697 turns).

Forgeling the Ruffian (Octopode Shapeshifter)        Turns: 697, Time: 00:01:20

Health: 23/23      AC:  1    Str: 13    XL:     3   Next: 39%
Magic:  3/3        EV: 13    Int: 14    God:    the Shining One [*.....]
Gold:   13         SH:  0    Dex: 11    Spells: 2/2 levels left

rFire   . .          .
                       - Unarmed
rCold   . . .        (no shield)
rNeg    . . .        (helmet currently unavailable)
rPois   .            (no amulet)
rElec   .            (no ring)
rCorr   .            (no ring)
SInv    .            (no ring)
Will    .....        (no ring)
Stlth   +            (no ring)
HPRegen 0.23/turn    (no ring)
MPRegen 0.08/turn    (no ring)
                     (no ring)

%: no passive effects
@: beast-form, glowing
A: beast (slay +1), almost no armour, amphibious, 8 rings, camouflage 1,
gelatinous body 1, (nimble swimmer 1), tentacles
a: Begin Untransformation, Renounce Religion, Divine Shield


You were on level 1 of the Dungeon.
You worshipped the Shining One.
The Shining One was aware of your devotion.
You were a hulking beast.
You visited 1 branch of the dungeon, and saw 1 of its levels.

You collected 13 gold pieces.

Inventory:

Missiles
 t - 3 poisoned darts
Jewellery
 d - a ring of fire
Talismans
 b - a beast talisman (active)
 c - a flux talisman
Scrolls
 a - a scroll of enchant weapon {unknown}
Potions
 e - a potion of invisibility {unknown}
 W - a potion of lignification


   Skills:
 - Level 1.0 Fighting
 - Level 2.0 Dodging
 - Level 2.0 Stealth
 + Level 4.0 Unarmed Combat
 - Level 3.0 Shapeshifting


You had 2 spell levels left.
You didn't know any spells.
Your spell library was empty.

Dungeon Overview and Level Annotations

Branches:
Dungeon (1/15)

Altars:
The Shining One


Innate Abilities, Weirdness & Mutations

You are a hulking beast.
Your limbs bulge with bestial killing power. (Slay +1)
You cannot wear most types of armour.
You are amphibious.
You can wear up to eight rings at the same time.
Your skin changes colour to match your surroundings (Stealth+).
Your rubbery body absorbs attacks. (AC +1, EV +1)
((You are camouflaged when in or above water. (Stealth+)))
You have tentacles for arms and can constrict up to eight enemies at once.


Message History

A goblin is nearby!
A goblin is nearby!
The goblin shouts!
A kobold comes into view. It is wielding a +0 whip.
The kobold shouts!
You tentacle-slap the goblin. You grab the goblin.
The goblin is severely wounded.
You constrict the goblin.
You kill the goblin!
You see here a +0 club.
You tentacle-slap the kobold.
You kill the kobold!
No target in view!
No target in view!
You see here a +0 whip.
A kobold comes into view. It is wielding a +0 club.
Found 5 gold pieces.
The kobold shouts!
A kobold is nearby!
A kobold is nearby!
A kobold is nearby!
A kobold is nearby!
The kobold hits you with a +0 club.
You see here 5 gold pieces.
You tentacle-slap the kobold.
You kill the kobold!
No target in view!
No target in view!
You now have 13 gold pieces (gained 5).
You see here a +0 whip.
You see here a +0 club.
Done exploring.
Done exploring.
Done exploring.
Done exploring.
Done exploring.
Unknown command.
Your library has no spells.
Unknown command.
Are you sure you want to abandon this character and quit the game? (Confirm with "yes".)

#.# #.# ##.## #.# #.# #.# #.#
##.## #.#
#.##########...####.####
####.#..................... ####
#.......###.###...######### ...#
#.......#..........#
##.####.......#.#.#####..########
#.))...........h.....)........).
######.......#.#.#####..########
#.......#.#.# #..........
#....†....#.# #.#########
####........# #.#
###.##########.# #............#
##############


There were no monsters in sight!

Vanquished Creatures
  A dart slug (D:1)
  An endoplasm (D:1)
  2 giant cockroaches (D:1)
  5 goblins (D:1)
  2 hobgoblins (D:1)
  4 jackals (D:1)
  5 kobolds (D:1)
  A quokka (D:1)
  2 ball pythons (D:1)
  A bat (D:1)
  4 frilled lizards (D:1)
  4 rats (D:1)
32 creatures vanquished.

Notes
Turn   | Place    | Note
-------+----------+-------------------------------------------
     0 | D:1      | Forgeling the Octopode Shapeshifter began the quest for the
                  | Orb.
     0 | D:1      | Reached XP level 1. HP: 13/13 MP: 1/1
    62 | D:1      | Reached skill level 1 in Stealth
    80 | D:1      | Reached XP level 2. HP: 14/18 MP: 2/2
   221 | D:1      | Found a faded altar of an unknown god.
   260 | D:1      | Prayed at the altar of an unknown god.
   260 | D:1      | Became a worshipper of the Shining One
   260 | D:1      | Reached * piety under the Shining One
   487 | D:1      | Reached XP level 3. HP: 23/23 MP: 3/3
   585 | D:1      | Reached skill level 4 in Unarmed Combat
   697 | D:1      | Quit the game

Illustrated notes

Levels and vault maps discovered:
D:1:      dpeg_arrival_rhombus, layout_loops_ring,
          hellmonk_ecumenical_altar_leap_of_faith, minmay_misc_feat_room

Skill      XL: |  1  2  3 |
---------------+----------+-----
Stealth        | 1 2 |  2.0
Unarmed Combat | 4 |  4.0
Fighting       | |  1.0
Dodging        | |  2.0
Shapeshifting  | |  3.0

Action                     || total
---------------------------++-------
  Melee: Unarmed           ||    52
         Constrict         ||    17
         Tentacles         ||     9
   Stab: Sleeping          ||     2
 Armour: Skin              ||    22
  Dodge: Dodged            ||    27
   Form: Beast             ||     1

Table legend: (Time is in decaauts)
 A = Elapsed time spent in this place.
 B = Non-inter-level travel time spent in this place.
 C = Inter-level travel time spent in this place.
 D = Time resting spent in this place.
 E = Time spent auto-exploring this place.
 F = Levels seen in this place.
 G = Mean time per level.
                   A        B        C        D        E       F      G
               +--------+--------+--------+--------+--------+-----+--------+
         Total |    693 |    676 |     17 |      0 |    519 |   1 |  693.0 |
       Dungeon |    693 |    676 |     17 |      0 |    519 |   1 |  693.0 |
               +--------+--------+--------+--------+--------+-----+--------+

Top non-repeatable levels by time:
     D:1: 693 daAuts
